[Event "*** Titled Tuesday Blitz"]
[Site "Chess.com"]
[Date "2020.05.26"]
[Round "5"]
[White "WastefulJustice"]
[Black "MightyGMpretender"]
[Result "1-0"]
[WhiteElo "2397"]
[BlackElo "2539"]
[TimeControl "180+1"]
[EndTime "10:57:23 PDT"]
[Termination "WastefulJustice won by resignation"]

1. e4 c5 2. Nf3 d6 3. d4 cxd4 4. Nxd4 Nf6 5. Nc3 a6 6. Be2 e5 7. Nb3 Be7 8. O-O O-O 9. a4 Be6 10.
f4 Qc7 11. f5 Bc4 12. Be3 Rd8 13.
a5 Nbd7 14. Kh1 Qc6 15. Bxc4 Qxc4 16. Ra4 Qc6 17. Qe2 Rac8 18. Nd2 Nc5 19. Bxc5 dxc5 20. Nc4 Qc7 21. Nb6 Rb8 22. Ncd5 Nxd5 23. Nxd5 Qd7 24.
Ra3 Bf8 25. Rg3 Qc6 26. c4 f6 27. Qh5 Rxd5 28. exd5 Qe8 29. Qxe8 Rxe8 30. Rb3 Re7 31.
Rd1 Rd7 32. d6 Kf7 33. g4 Ke8 34. Rb6 Kd8 35. Rd5 e4 36. Kg2 g6 37. Kf1 Bh6 38.
Ke2 Bf4 39. h3 Be5 40. Rxc5 Bd4 41. Rc7 Bxb6 42. Rxd7+ Kxd7 43. axb6 Kxd6 44. fxg6 hxg6 45. h4 Ke5 46. h5 gxh5 47. gxh5 Kf5 48. c5 Kg5 49. c6 bxc6 50. b7 Kxh5 51. b8=Q f5 52. Qf4 Kg6 53. Ke3 Kf6 54. Kd4 1-0

[Event "*** Titled Tuesday Blitz"]
[Site "Chess.com"]
[Date "2020.05.26"]
[Round "5"]
[White "TudorAnton"]
[Black "GasconJR"]
[Result "1-0"]
[WhiteElo "2466"]
[BlackElo "2461"]
[TimeControl "180+1"]
[EndTime "10:57:23 PDT"]
[Termination "TudorAnton won by resignation"]

1. d4 Nf6 2. c4 c5 3. e3 cxd4 4. exd4 d5 5. Nc3 g6 6. Nf3 Bg7 7. cxd5 Nxd5 8. Bc4 Nxc3 9. bxc3 O-O 10. O-O Qc7 11.
Bd3 Qxc3 12. Bg5 Qc7 13. Rc1 Qd8 14. Re1 Nc6 15. Rxc6 bxc6 16. Bxe7 Qd5 17. Bxf8 Kxf8 18. Be4 Qd6 19. Qc2 Bd7 20. h3 Re8 21. Rc1 Bxd4 22.
Nxd4 Qxd4 23. Bf3 Kg7 24. Rd1 Qf6 25. Rxd7 Re1+ 26. Kh2 Qf4+ 27. g3 Qxf3 28. Qb2+ Qf6 29. Qxf6+ Kxf6 30. Rxa7 Re2 31. Kg2 Ke6 32. Rc7 Rc2 33. a4 h5 34. a5 f5 35. h4 Kd5 36.
Rd7+ Kc5 37. a6 Ra2 38. a7 Kb6 39. Rg7 Rxa7 40. Rxg6 Kb5 41. Rg5 Rf7 42. Rxh5 c5 43. Rh8 Rc7 44. Rf8 c4 45. Rxf5+ Rc5 46. Rf8 c3 47.
Rb8+ Kc4 48. Rb1 Kd3 49. g4 Ke4 50. Kg3 c2 51. Re1+ Kd3 52. h5 Kd4 53. f4 Rc3+ 54. Kh4 Re3 55. Rc1 Ke4 56. Rxc2 Kxf4 57. Rf2+ Ke5 58. h6 Ke6 59. h7 Re1 60. Rh2 1-0

[Event "*** Titled Tuesday Blitz"]
[Site "Chess.com"]
[Date "2020.05.26"]
[Round "5"]
[White "SerGo055"]
[Black "archess2"]
[Result "0-1"]
[WhiteElo "2560"]
[BlackElo "2286"]
[TimeControl "180+1"]
[EndTime "10:57:24 PDT"]
[Termination "archess2 won by resignation"]

1. d4 d5 2. Nf3 Nf6 3. c4 c6 4.
Nc3 e6 5. Bg5 dxc4 6. e4 Bb4 7.
Bxf6 Qxf6 8. Bxc4 O-O 9. O-O Rd8 10. e5 Qe7 11. Ne4 b5 12. Bd3 h6 13. a3 Ba5 14. Rc1 Bb7 15. Nd6 Rxd6 16. exd6 Qxd6 17. Bb1 Bc7 18. Qd3 g6 19. Ne5 Nd7 20. f4 Nxe5 21. fxe5 Qd5 22. Rc5 Qd7 23. Rc2 Bxe5 24. Kh1 Qxd4 25.
Qf3 Rf8 26. Re2 Bg7 27. h3 Qd7 28. Be4 f5 29. Bc2 c5 30. Qf2 Bd4 31. Qg3 Kg7 32. Rfe1 Bd5 33. a4 Qf7 34. Rf1 f4 35. Qg4 f3 36. gxf3 Bxf3+ 37. Rxf3 Qxf3+ 38. Qxf3 Rxf3 39. Kg2 Rf6 40. axb5 Bxb2 41. Bb3 Bd4 42. Bxe6 g5 43. Bc4 Kg6 44. Re7 Rf2+ 45. Kg3 h5 46. h4 gxh4+ 47. Kh3 Rf3+ 48. Kg2 Rg3+ 49. Kh2 Rc3 50. Bd5 Kf6 51. Rxa7 Be5+ 52. Kg2 h3+ 53. Kg1 h2+ 54. Kf2 Rd3 55.
Bh1 c4 56. b6 Bd4+ 57. Ke2 Bxb6 58. Ra6 Rb3 59. Bd5 Rb4 60. Kf1 Ke5 61. Bf3 Rb1+ 62.
Kg2 h1=Q+ 0-1

[Event "*** Titled Tuesday Blitz"]
[Site "Chess.com"]
[Date "2020.05.26"]
[Round "5"]
[White "InitiatingASC"]
[Black "Karinaa87"]
[Result "1/2-1/2"]
[WhiteElo "2394"]
[BlackElo "2547"]
[TimeControl "180+1"]
[EndTime "10:57:24 PDT"]
[Termination "Game drawn by repetition"]

1. Nf3 Nf6 2. b3 g6 3. Bb2 Bg7 4. e3 O-O 5. Be2 d6 6. c4 e5 7. O-O Nc6 8. d3 Bg4 9. Nbd2 Qd7 10. a3 a5 11. Qc2 h6 12. Rfe1 Rae8 13. Rac1 b6 14.
Nf1 Bf5 15. Ng3 Be6 16. d4 Bg4 17. dxe5 dxe5 18. Rcd1 Qc8 19. Ne4 Bf5 20. Nxf6+ Bxf6 21. e4 Bg4 22. Qc1 Kh7 23. Qa1 Bxf3 24. Bxf3 Rd8 25. Rd5 Ne7 26. Rxd8 Rxd8 27. Bxe5 Bxe5 28. Qxe5 Nc6 29. Qf6 Qe6 30. Qxe6 fxe6 31. Rd1 Nd4 32. Kf1 e5 33. Ke1 Rf8 34. Rd3 c5 35. Bd1 Kg7 36.
f3 Kf6 37. Kd2 Ke7 38. Kc3 g5 39. h3 h5 40. Rd2 h4 41. b4 axb4+ 42. axb4 Ra8 43.
b5 Kd6 44. Kb2 Ra7 45. Be2 Ke7 46. Bf1 Ra4 47. Rd1 Ne6 48. Ra1 Rxa1 49. Kxa1 Nf4 50. Kb2 Nh5 51. Kc3 Ng3 52. Bd3 Nh1 53.
Kd2 Ng3 54. Ke3 Nh5 55. Bf1 Nf4 56. Kf2 Kf6 57. Ke3 Ne6 58. Kf2 Nd4 59. Ke3 Nc2+ 60. Kf2 Kg6 61. Be2 g4 62. Bf1 gxh3 63. gxh3 Kg5 64.
Bd3 Nb4 65. Bf1 Kf4 66. Be2 Nc2 67. Bf1 Nd4 68. Bg2 Nc2 69. Bf1 Ne3 70. Be2 Nc2 71. Bf1 1/2-1/2

[Event "*** Titled Tuesday Blitz"]
[Site "Chess.com"]
[Date "2020.05.26"]
[Round "5"]
[White "AlexOstrovskiy"]
[Black "rasmussvane"]
[Result "0-1"]
[WhiteElo "2628"]
[BlackElo "2857"]
[TimeControl "180+1"]
[EndTime "10:57:26 PDT"]
[Termination "rasmussvane won by resignation"]

1. d4 d5 2. Bf4 Nf6 3. e3 e6 4. Nd2 Bd6 5. Bg3 O-O 6. c3 c5 7. Ngf3 Qc7 8. dxc5 Qxc5 9. Bd3 Nbd7 10. e4 Bxg3 11.
hxg3 dxe4 12. Bxe4 Rb8 13. Qe2 h6 14. O-O b5 15.
Rad1 a5 16. a3 Ba6 17. Bd3 Bb7 18. Ne4 Bxe4 19. Bxe4 b4 20. axb4 axb4 21. c4 Rfc8 22. b3 Qc7 23. Bc2 Nc5 24. Nd4 Ra8 25. Ra1 Qb7 26. Nb5 Rxa1 27. Rxa1 Ra8 28. Rd1 Nfd7 29. Nd6 Qc6 30. Ne4 Kf8 31. g4 Qc7 32. g5 Qe5 33. gxh6 gxh6 34. Qd2 Kg7 35. Nxc5 Nxc5 36. Re1 Qc3 37. Qe2 Qf6 38. Qg4+ Qg5 39. Qf3 Ra2 40. Bd1 Rd2 41. Be2 Rd4 42. Ra1 Qf6 43. Ra7 Qxf3 44. Bxf3 Nxb3 45. Rb7 Rxc4 46. Bh5 Rf4 47. g3 Rf5 48.
Bg4 Rg5 49. Bd1 Nc5 50. Rxb4 Rd5 51. Bf3 Rd6 52. Rc4 Nd7 53. Rc3 Ne5 54. Kg2 Ng6 55. Be4 Ne7 56. Bf3 f5 57. Rc7 Kf6 58. Ra7 e5 59. Bh5 e4 60. Ra8 Rd7 61. Rf8+ Kg7 62.
Be2 Kxf8 0-1

[Event "*** Titled Tuesday Blitz"]
[Site "Chess.com"]
[Date "2020.05.26"]
[Round "5"]
[White "krzyzan94"]
[Black "Superfelix"]
[Result "0-1"]
[WhiteElo "2686"]
[BlackElo "2482"]
[TimeControl "180+1"]
[EndTime "10:57:26 PDT"]
[Termination "Superfelix won by checkmate"]

1. d4 g6 2. e4 c6 3. h4 h5 4.
Nc3 d5 5. e5 Bh6 6. Bd3 Bxc1 7.
Qxc1 Nh6 8. Nf3 Bf5 9. Bxf5 Nxf5 10. Ne2 e6 11. c3 Qb6 12. Ng5 c5 13. dxc5 Qxc5 14.
Qf4 Nc6 15. O-O-O a5 16. Kb1 a4 17. Rh3 b5 18. Nd4 Ncxd4 19. cxd4 Qb6 20. Rc3 a3 21. b3 O-O 22. g4 hxg4 23. h5 gxh5 24. f3 Rac8 25.
Rxc8 Rxc8 26. fxg4 Qc7 27. Qd2 hxg4 28. Qh2 Nh6 29. Rh1 Qc3 30. Qe2 Qxd4 31. Rd1 Qc3 32. Rh1 d4 33. Ne4 Qc6 34. Nf6+ Kf8 35. Rd1 Qc3 36. Qh2 Ke7 37. Ne4 Qb2+ 38. Qxb2 axb2 39. Kxb2 Nf5 40. a4 bxa4 41. bxa4 g3 42. a5 Ra8 43.
Ra1 g2 44. Nd2 Rxa5 45. Rg1 Rxe5 46. Rxg2 Ne3 47. Rg8 Rb5+ 48. Ka3 e5 49. Ne4 f5 50. Ng5 Kf6 51. Nh7+ Kf7 52. Ng5+ Kxg8 53. Ka4 Rb8 54. Nf3 d3 55. Nxe5 d2 56. Nd7 d1=Q+ 57. Ka5 Qa1# 0-1

[Event "*** Titled Tuesday Blitz"]
[Site "Chess.com"]
[Date "2020.05.26"]
[Round "5"]
[White "RitvarsReimanis"]
[Black "AsselLesbekova"]
[Result "1-0"]
[WhiteElo "2488"]
[BlackElo "2275"]
[TimeControl "180+1"]
[EndTime "10:57:27 PDT"]
[Termination "RitvarsReimanis won by resignation"]

1. d4 f5 2. Nc3 g6 3. e4 fxe4 4. Nxe4 d5 5. Ng3 Bg7 6. Nf3 Nf6 7. Bd3 c5 8. c3 cxd4 9. Nxd4 e5 10. Bb5+ Bd7 11. Ne6 Qe7 12. Nc7+ Kf7 13. Bxd7 Nbxd7 14. Nxa8 Rxa8 15. O-O Rd8 16. Re1 Kg8 17. Be3 b6 18. a4 a5 19. Qb3 Qd6 20. Rad1 Nc5 21. Qb5 Ng4 22. Bxc5 bxc5 23. h3 Nf6 24. Qxa5 Rb8 25. b4 cxb4 26. cxb4 Qxb4 27. Qxb4 Rxb4 28. Rxe5 Rxa4 29.
Re7 Kf8 30. Rb7 d4 31. Ne2 Nd5 32. Rc1 Nc3 33. Nf4 Kg8 34. Kf1 Ra6 35. g3 h6 36. Kg2 g5 37. Nh5 Be5 38. f4 gxf4 39. gxf4 Rg6+ 40. Kf3 Bh8 41. h4 Bf6 42. Ra1 Bd8 43.
Ra8 Rd6 44. Rbb8 Kf7 45. Rxd8 Rb6 46. Rxd4 Rb3 47. Rd3 Kg6 48. Ng3 h5 49. Ra6+ Kf7 50. Rc6 1-0

[Event "*** Titled Tuesday Blitz"]
[Site "Chess.com"]
[Date "2020.05.26"]
[Round "5"]
[White "TokChess"]
[Black "Olkaa"]
[Result "0-1"]
[WhiteElo "2336"]
[BlackElo "2613"]
[TimeControl "180+1"]
[EndTime "10:57:28 PDT"]
[Termination "Olkaa won on time"]

1. Nf3 c5 2. g3 Nc6 3. Bg2 e5 4. c4 g6 5. O-O Bg7 6. Nc3 Nge7 7.
Ne1 d6 8. Nc2 Be6 9. Ne3 a6 10.
Ned5 Rb8 11. a4 O-O 12. d3 Nb4 13. Nxb4 cxb4 14. Nd5 Nxd5 15. cxd5 Bd7 16. Qb3 a5 17. Be3 b5 18. axb5 Rxb5 19. Rfc1 Qb8 20. Rc4 Rc8 21. Rac1 Rb7 22. Rxc8+ Bxc8 23. Qa4 Bd7 24. Qxa5 h5 25. h4 Bf6 26. Rc6 Bd8 27. Qa6 Bc7 28. Qc4 Kg7 29. Be4 Bxc6 30. dxc6 Rb5 31. Bd5 f6 32. Kg2 Ra5 33. f3 Qb5 34. Qxb5 Rxb5 35. Bc4 Ra5 36. Bd2 d5 37. Bb3 Rb5 38. e4 dxe4 39. fxe4 Bd6 40.
Bc4 Rb6 41. Bd5 Kf8 42. Be3 Rb5 43. Kf3 Ke7 44. Ke2 Kd8 45. Kd2 Kc7 46. Kc2 Bc5 47. Bh6 Be7 48. Kb3 g5 49. hxg5 fxg5 50. Kc4 Rc5+ 51.
Kb3 h4 52. gxh4 gxh4 53. Bg7 Bd6 54. Bf6 h3 55. d4 Rxd5 56. exd5 exd4 57. Bxd4 h2 0-1

[Event "*** Titled Tuesday Blitz"]
[Site "Chess.com"]
[Date "2020.05.26"]
[Round "5"]
[White "BogdanDeac"]
[Black "Shankovskyi"]
[Result "1-0"]
[WhiteElo "2948"]
[BlackElo "2540"]
[TimeControl "180+1"]
[EndTime "10:57:29 PDT"]
[Termination "BogdanDeac won by resignation"]

1. e4 e5 2. Nf3 Nc6 3. Bb5 a6 4. Ba4 Nf6 5. O-O Be7 6. d3 b5 7. Bb3 d6 8. a3 O-O 9. Nc3 Nb8 10. a4 b4 11. Nd5 Nxd5 12. Bxd5 c6 13. Bb3 Be6 14.
Bxe6 fxe6 15. d4 exd4 16. Nxd4 Qc8 17. Qg4 Rf6 18. Qh3 c5 19. e5 dxe5 20. Nf3 Nc6 21.
Ng5 Rh6 22. Qd3 Bxg5 23. Bxg5 Rg6 24. Be3 Nd4 25. Qe4 Ra7 26. c3 bxc3 27. bxc3 Ne2+ 28. Kh1 Nxc3 29. Qxe5 Nd5 30. Rac1 Rc7 31. Bd2 c4 32. f4 Rf6 33. f5 Qd7 34. Ba5 Rc8 35. fxe6 Rxe6 36.
Qd4 Rd6 37. Rxc4 Rdc6 38. Rxc6 Qxc6 39. h3 Qc4 40. Qf2 Nf6 41. Ra1 Re8 42. Qa2 Qxa2 43.
Rxa2 Re4 44. Kh2 Rc4 45. Be1 Nd5 46. a5 Rc5 47. Rb2 Rb5 48. Rxb5 axb5 49. a6 Nc7 50. a7 Kf7 51. Kg3 Ke6 52. Kf4 Kd5 53. Ba5 Na8 54. Bc3 g6 55. Kg5 Kc4 56. Ba1 b4 57. Kh6 b3 58.
Kxh7 g5 59. Kg6 1-0

[Event "*** Titled Tuesday Blitz"]
[Site "Chess.com"]
[Date "2020.05.26"]
[Round "5"]
[White "dennisodessa"]
[Black "awesomevishesh"]
[Result "1-0"]
[WhiteElo "2243"]
[BlackElo "2395"]
[TimeControl "180+1"]
[EndTime "10:57:30 PDT"]
[Termination "dennisodessa won on time"]

1. d4 Nf6 2. c4 g6 3. Nc3 Bg7 4. e4 d6 5. f3 O-O 6. Be3 a6 7. Bd3 Nbd7 8. Qd2 c5 9. Nge2 b6 10.
Bh6 cxd4 11. Nxd4 Ne5 12. Be2 Bb7 13. Bxg7 Kxg7 14. O-O Rc8 15. b3 e6 16. f4 Ned7 17. Bf3 Qc7 18. Rac1 Nc5 19. Rfe1 Rfd8 20. f5 e5 21. Nc2 b5 22. Ne3 Qb6 23. Ncd5 Bxd5 24. cxd5 Ncxe4 25. Bxe4 Nxe4 26. Qd3 Nf6 27. Kh1 Rc7 28.
fxg6 fxg6 29. Rf1 Rdc8 30. Rxc7+ Qxc7 31. Qe2 Rf8 32. h4 Ne4 33. Kh2 Qe7 34. g3 Nf6 35. Qd3 Rc8 36. Qe2 Rc3 37. Qf2 Ne4 38. Qf3 Nd2 39. Nf5+ gxf5 40. Qxc3 Nxf1+ 41. Kg2 Nxg3 42. Qxg3+ Kf7 43. Qf3 Qf6 44. Kh3 Qg6 45. Qc3 Qg4+ 46. Kh2 Qxh4+ 47. Kg2 Qe4+ 48. Kh2 1-0

[Event "*** Titled Tuesday Blitz"]
[Site "Chess.com"]
[Date "2020.05.26"]
[Round "5"]
[White "GMStefanova"]
[Black "Maybe00"]
[Result "0-1"]
[WhiteElo "2633"]
[BlackElo "2806"]
[TimeControl "180+1"]
[EndTime "10:57:31 PDT"]
[Termination "Maybe00 won by resignation"]

1. Nf3 d5 2. g3 c6 3. Bg2 Bg4 4. O-O e6 5. d3 Bd6 6. e4 Ne7 7. h3 Bh5 8. Qe1 Nd7 9. Nc3 O-O 10. Nh2 Kh8 11. Kh1 f6 12. f4 Bf7 13. g4 dxe4 14.
Nxe4 Bc7 15. f5 exf5 16. gxf5 Re8 17. Bf4 Bxf4 18. Rxf4 Nd5 19. Rh4 Nf8 20. Qf2 Qc7 21.
Rf1 Rad8 22. Ng4 Qb6 23. Qg3 Qxb2 24. c4 Nc3 25. Nd6 Rxd6 26. Qxd6 Ne2 27. Bf3 Qd4 28. Qxd4 Nxd4 29. Be4 b6 30. Ne3 c5 31. Rg4 Nd7 32. Rfg1 Rg8 33. Nd5 Ne5 34. R4g3 Ne2 35. Kh2 Nxg3 36.
Rxg3 Bxd5 37. Bxd5 Rd8 38. Re3 g6 39. fxg6 hxg6 40.
Kg3 Kg7 41. Kf4 b5 42. h4 bxc4 43. dxc4 Rb8 44. Rb3 Rxb3 45. axb3 a5 46. Ke4 Kh6 47. Be6 Kh5 48. Kd5 Nd3 49. Ke4 Nc1 50. Bf7 Nxb3 51. Kd3 a4 52. Kc3 Nd4 53. Kb2 f5 54.
Ka3 f4 55. Bd5 f3 56. Kxa4 f2 57. Bg2 Kxh4 58. Ka5 Kg3 59. Bf1 Kh2 60. Kb6 Nb3 61.
Kc6 g5 62. Kd5 g4 63. Ke5 g3 0-1

[Event "*** Titled Tuesday Blitz"]
[Site "Chess.com"]
[Date "2020.05.26"]
[Round "5"]
[White "davidkalashian"]
[Black "Chepaschess"]
[Result "0-1"]
[WhiteElo "2611"]
[BlackElo "2808"]
[TimeControl "180+1"]
[EndTime "10:57:31 PDT"]
[Termination "Chepaschess won by resignation"]

1. d4 Nf6 2. c4 g6 3. Nc3 d5 4. Bf4 Bg7 5. e3 c5 6. dxc5 Qa5 7. Rc1 dxc4 8. Bxc4 O-O 9. Nf3 Nbd7 10. O-O Nxc5 11. a3 Be6 12. Qe2 Bxc4 13. Qxc4 Ne6 14. Be5 Rac8 15. Qb5 Qxb5 16. Nxb5 a6 17. Nbd4 Nc5 18. Rfd1 Nd3 19. Rb1 Nxe5 20. Nxe5 Rfd8 21. Rbc1 Ne4 22. Rxc8 Rxc8 23. Nef3 e5 24. Ne2 Bf6 25. Ng3 Nxg3 26. hxg3 Rc2 27. Rd2 Rc1+ 28. Kh2 e4 29. Nd4 h5 30.
Ne2 Rb1 31. Nd4 Kg7 32. f3 Be5 33. f4 Bf6 34. g4 hxg4 35. Kg3 b5 36. Kxg4 Re1 37.
Nc2 Rg1 38. b4 Bc3 39. Re2 Rd1 40. Kh3 f5 41. g4 Kf6 42. g5+ Ke6 43. Kg2 Kd5 44.
Kg3 Kc4 45. Rh2 Rd2 46. Rxd2 Bxd2 47. Nd4 Bxe3 48. Nc6 Bd4 49. Ne7 Kd3 50. Nxg6 e3 51. Nh4 e2 52. Nf3 Bc3 53. g6 e1=Q+ 54. Nxe1+ Bxe1+ 55. Kh3 Bc3 56. Kh4 Ke4 57. Kg5 Bg7 58. Kh4 Kxf4 59. Kh5 Ke5 60. Kh4 Kf6 61. Kh5 Bf8 62.
Kh4 Kxg6 63. Kg3 Bg7 64. Kf3 Bb2 0-1

[Event "*** Titled Tuesday Blitz"]
[Site "Chess.com"]
[Date "2020.05.26"]
[Round "5"]
[White "Sippp"]
[Black "RubensCezila"]
[Result "1-0"]
[WhiteElo "2686"]
[BlackElo "2463"]
[TimeControl "180+1"]
[EndTime "10:57:31 PDT"]
[Termination "Sippp won by resignation"]

1. e4 c6 2. d4 d5 3. Nc3 dxe4 4. Nxe4 Nf6 5. Nxf6+ exf6 6. c3 Bd6 7. Bd3 O-O 8. Ne2 Re8 9. Qc2 h5 10. Be3 Nd7 11.
O-O-O Nf8 12. Ng3 g6 13. Ne4 Be7 14. Kb1 f5 15. Nd2 Bd6 16. Nc4 Bc7 17. h4 f4 18.
Bc1 Be6 19. Ne5 Bxe5 20. dxe5 Qd5 21. b3 Qxe5 22. c4 Bf5 23. Bb2 Bxd3 24. Rxd3 Qf5 25. Rhd1 Re6 26. a3 Rae8 27. R1d2 b5 28. Ka2 bxc4 29.
Qxc4 Qb5 30. Qc3 f6 31. a4 Qf5 32. Qc4 Kh7 33. Rd4 g5 34. hxg5 fxg5 35. Qc3 R8e7 36. Rd8 Ng6 37. R2d7 Qf7 38. Rd6 Rxd6 39. Rxd6 Ne5 40.
Qc2+ Ng6 41. Rf6 Qe8 42. Qf5 Re2 43. Qxg5 Rxb2+ 44. Kxb2 Qe5+ 45. Qxe5 Nxe5 46. Kc3 f3 47. gxf3 h4 48. Rf5 Ng6 49. Rh5+ Kg7 50. f4 Kf6 51. f5 Ne7 52. Rxh4 Kxf5 53. Rh6 Ke5 54. Kc4 Nf5 55. Rxc6 1-0

[Event "*** Titled Tuesday Blitz"]
[Site "Chess.com"]
[Date "2020.05.26"]
[Round "5"]
[White "Sergey85Rodchenkov"]
[Black "rynos0411"]
[Result "1/2-1/2"]
[WhiteElo "2516"]
[BlackElo "2357"]
[TimeControl "180+1"]
[EndTime "10:57:32 PDT"]
[Termination "Game drawn - insufficient material"]

1. e4 c6 2. c4 d5 3. exd5 cxd5 4. cxd5 Nf6 5. Bb5+ Bd7 6. Bc4 Bf5 7. Nc3 Nbd7 8. Nf3 a6 9. O-O b5 10. Bb3 Nb6 11. Nd4 Bg4 12. f3 Bd7 13. Re1 g6 14. Ne4 Bg7 15. Nc6 Bxc6 16. dxc6 O-O 17. d4 Nbd5 18.
Bg5 Rc8 19. Rc1 Qb6 20. Nxf6+ exf6 21. Bxd5 fxg5 22. Kh1 Rfd8 23. Qb3 Rc7 24. Re2 Qxd4 25.
Rd1 Qf6 26. Red2 Re8 27. Be4 h5 28. Rd7 Rxd7 29. Rxd7 Re7 30. Qd5 Rxd7 31. cxd7 Qd8 32. Bf5 gxf5 33. g3 f4 34. Kg2 fxg3 35. hxg3 Kf8 36. Qd6+ Kg8 37. f4 gxf4 38. gxf4 Bf6 39.
Kf3 Qe7 40. Qd5 a5 41. Qxb5 Kg7 42. Qc6 Qe1 43. Qxf6+ Kxf6 44. d8=Q+ Kg7 45. Qd4+ Kg8 46. Qd8+ Kg7 47. Qg5+ Kf8 48. Qg2 Qd1+ 49. Kg3 Qg4+ 50. Kh2 Qxf4+ 51. Kh3 f5 52. Qa8+ Kf7 53. Qb7+ Kf6 54.
Qc6+ Kg5 55. Qg2+ Qg4+ 56. Kh2 Qxg2+ 57. Kxg2 h4 58. b3 Kf4 59. a3 Ke4 60. b4 axb4 61. axb4 Kd5 62. Kh3 Kc4 63. Kxh4 Kxb4 64. Kg5 Kc4 65.
Kxf5 1/2-1/2

[Event "*** Titled Tuesday Blitz"]
[Site "Chess.com"]
[Date "2020.05.26"]
[Round "5"]
[White "Stronger1799"]
[Black "volcanoexplorer"]
[Result "1-0"]
[WhiteElo "2379"]
[BlackElo "2515"]
[TimeControl "180+1"]
[EndTime "10:57:33 PDT"]
[Termination "Stronger1799 won by checkmate"]

1. e4 e5 2. Nf3 Nc6 3. Bb5 a6 4. Ba4 Nf6 5. d4 b5 6. Bb3 Nxd4 7. Nxd4 exd4 8. e5 Qe7 9. O-O Ne4 10.
Bd5 Rb8 11. Bxe4 c5 12. Bd5 h6 13. Nd2 Kd8 14. Qf3 Qxe5 15. Nc4 Qc7 16. Ne5 Qxe5 17.
Bf4 Qe7 18. Rfe1 Rb6 19. Rxe7 Bxe7 20. Re1 g5 21. Bc7+ Kxc7 22. Rxe7 Rd6 23. Qxf7 c4 24. Qg7 d3 25. cxd3 cxd3 26. Qxh8 Rxd5 27. Qc3+ Kd6 28. Re1 a5 29. Qxa5 Bb7 30. Qb4+ Kc7 31. Rc1+ Bc6 32. Rd1 Kb6 33. Qc3 b4 34. Qxb4+ Kc7 35. Qc3 Kb7 36. Rxd3 Rb5 37. b3 Be4 38. Re3 Bc6 39. h3 Rd5 40.
Re5 Rd1+ 41. Kh2 h5 42. Rxg5 h4 43. Qb4+ Kc7 44. Qf4+ Kb7 45. Qxh4 Rd2 46. Qb4+ Kc7 47. Qxd2 Kb6 48. Qd4+ Kc7 49. h4 Kb7 50. h5 d5 51.
h6 Ka6 52. h7 Be8 53. h8=Q Kb5 54. Qhe5 Ka6 55. Qc5 Bc6 56. Qc7 d4 57. Re5 d3 58.
Re1 Bd5 59. Rd1 d2 60. Rxd2 Bxb3 61. f4 Bd5 62. f5 Bxg2 63. f6 Bd5 64. Rd4 Bf7 65.
Ra4# 1-0

[Event "*** Titled Tuesday Blitz"]
[Site "Chess.com"]
[Date "2020.05.26"]
[Round "5"]
[White "Tejas_Rama"]
[Black "Perecke"]
[Result "1-0"]
[WhiteElo "2383"]
[BlackElo "2193"]
[TimeControl "180+1"]
[EndTime "10:57:33 PDT"]
[Termination "Tejas_Rama won on time"]

1. Nf3 d5 2. c4 d4 3. g3 Nc6 4.
Bg2 e5 5. O-O Nf6 6. d3 Bc5 7.
b4 Bxb4 8. Nxe5 Nxe5 9. Qa4+ c6 10. Qxb4 Qe7 11. c5 O-O 12. Qxd4 Bg4 13. f3 Bf5 14.
Bb2 Rfe8 15. e4 Bg6 16. Qxe5 Qxe5 17. Bxe5 Rxe5 18. d4 Re7 19. Na3 Rd8 20. Rfd1 Red7 21. Rab1 Rxd4 22. Rxd4 Rxd4 23. Rxb7 h5 24. Rxa7 Rd1+ 25.
Bf1 h4 26. Nc4 hxg3 27. hxg3 Nh5 28. Ne3 Rc1 29. Kf2 Rxc5 30. Ra8+ Kh7 31. a4 Rc1 32. a5 Ra1 33. a6 Ra2+ 34. Be2 Nxg3 35. Kxg3 Rxe2 36. a7 Ra2 37. Nc4 c5 38. Nb6 Ra3 39.
Nc8 Bxe4 40. Rb8 Rxf3+ 41. Kg4 f5+ 42. Kg5 Rf1 43. Nd6 Ra1 44. Nxe4 Rxa7 45. Nxc5 Rc7 46. Ne6 Ra7 47. Rb3 g6 48. Rh3+ Kg8 49. Kxg6 f4 50.
Nxf4 Ra6+ 51. Kf5 Kf7 52. Rh7+ Ke8 53. Rb7 Kd8 54. Rb8+ Kc7 55. Rb4 Ra5+ 56. Ke6 Ra1 57. Nd5+ Kc6 58. Rc4+ Kb5 59. Rc8 Re1+ 60. Kd6 Rg1 61.
Rb8+ Kc4 62. Rb4+ Kd3 63. Kc5 Rh1 64. Rb3+ Ke4 65. Re3+ Kf5 66. Rf3+ Ke5 67. Re3+ Kf5 68. Re2 1-0

[Event "*** Titled Tuesday Blitz"]
[Site "Chess.com"]
[Date "2020.05.26"]
[Round "5"]
[White "QueenOfTactics90"]
[Black "imdarealist"]
[Result "1-0"]
[WhiteElo "1964"]
[BlackElo "2214"]
[TimeControl "180+1"]
[EndTime "10:57:34 PDT"]
[Termination "QueenOfTactics90 won by resignation"]

1. e4 e5 2. Nf3 Nf6 3. Nxe5 d6 4. Nf3 Nxe4 5. Qe2 Qe7 6. d3 Nc5 7. Nc3 c6 8. Bg5 f6 9. Bf4 Qxe2+ 10. Bxe2 Be7 11.
O-O-O O-O 12. Nd4 a5 13. a4 Re8 14. Rde1 Kf7 15. h4 g6 16. h5 g5 17. Bg3 h6 18. f4 Ne6 19. Nxe6 Bxe6 20. fxg5 fxg5 21.
Rhf1+ Kg7 22. Bf3 Bf8 23. Ne4 d5 24. Be5+ Kf7 25. Nc5 Ke7 26. Nxb7 Nd7 27. Bd6+ Kf7 28. Bxd5+ Nf6 29. Bxc6 Rec8 30. Be4 Kg7 31. Bxf8+ Rxf8 32. Nd6 Nxe4 33. dxe4 Rad8 34. e5 Rb8 35. b3 Rf4 36. g3 Rff8 37. Kd2 Rbd8 38. Ke3 Bg4 39. Rxf8 Rxf8 40.
Kd4 Bxh5 41. e6 Rf3 42. Re3 Rf2 43. c4 Kf6 44. e7 Rd2+ 45. Kc5 Rb2 46. e8=Q Bxe8 47.
Nxe8+ Kg6 48. Nd6 h5 49. Nb7 Kf5 50. Nxa5 Kg4 51. b4 Rg2 52. b5 Rxg3 53. Rxg3+ Kxg3 54. b6 h4 55. b7 Kh3 56. b8=Q g4 57. Qc8 Kg3 58. Nb3 h3 59. Qc7+ Kg2 60. Qc6+ Kg1 61. Nd2 g3 62. Qf3 Kh2 63. Nf1+ Kg1 64. Qxg3+ 1-0

[Event "*** Titled Tuesday Blitz"]
[Site "Chess.com"]
[Date "2020.05.26"]
[Round "5"]
[White "AungTZ"]
[Black "Roenko_Artur"]
[Result "0-1"]
[WhiteElo "1991"]
[BlackElo "2296"]
[TimeControl "180+1"]
[EndTime "10:57:36 PDT"]
[Termination "Roenko_Artur won by checkmate"]

1. e4 e6 2. d4 d5 3. Nc3 Bb4 4. exd5 exd5 5. Bd3 Nc6 6. Ne2 Nf6 7. O-O O-O 8. Bg5 Be7 9. h3 h6 10. Bf4 Be6 11. Re1 Qd7 12. Bg3 Bf5 13. a3 Rac8 14. Qd2 Rfe8 15. Rad1 Bf8 16. Bxf5 Qxf5 17. Nf4 Bd6 18. Nfe2 Ne4 19. Nxe4 dxe4 20. Bxd6 cxd6 21. d5 Nb8 22. Ng3 Qg6 23. c3 f5 24. Qf4 Rf8 25. f3 Rce8 26. Kh2 Nd7 27. fxe4 fxe4 28. Qg4 Qxg4 29. hxg4 Nf6 30. Nf5 Nxg4+ 31. Kg3 Rxf5 32. Kxg4 Rfe5 33. Re3 Kh7 34. c4 g5 35. Rf1 Kg6 36. Kg3 h5 37. Rc1 h4+ 38. Kf2 g4 39. Ke2 Kg5 40.
Rf1 Rf5 41. Rxf5+ Kxf5 42. b4 b6 43. Rc3 Ke5 44. Ke3 Rf8 45. Rc1 h3 46. gxh3 gxh3 47.
Rg1 Rf3+ 48. Ke2 h2 49. Rh1 Rh3 50. Kf2 Kd4 51. Kg2 Rh5 52. Rd1+ Kxc4 53. Kh1 e3 54. Re1 Kd3 55. Rd1+ Kc2 56. Rf1 e2 57. Rf2 Kd1 58. Rxe2 Kxe2 59. b5 Ke3 60. a4 Kd4 61. a5 bxa5 62.
b6 axb6 63. Kg2 h1=Q+ 64. Kg3 Qh3+ 65. Kf4 Rf5# 0-1

[Event "*** Titled Tuesday Blitz"]
[Site "Chess.com"]
[Date "2020.05.26"]
[Round "5"]
[White "Anna_ChessMate"]
[Black "Zurability"]
[Result "0-1"]
[WhiteElo "2529"]
[BlackElo "2720"]
[TimeControl "180+1"]
[EndTime "10:57:37 PDT"]
[Termination "Zurability won on time"]

1. d4 Nf6 2. c4 e6 3. Nf3 b6 4. g3 Bb7 5. Bg2 Bb4+ 6. Bd2 Bxd2+ 7. Nbxd2 O-O 8. O-O d6 9. Qc2 Nbd7 10. e4 e5 11.
Rfe1 g6 12. Rad1 Re8 13. b4 Qe7 14. c5 dxc5 15. bxc5 bxc5 16. dxe5 Nxe5 17. Nxe5 Qxe5 18. Nc4 Qe6 19. Na5 Bxe4 20. Qxc5 Qb6 21. Qa3 Bxg2 22. Kxg2 Ng4 23. Rxe8+ Rxe8 24. Rd2 c5 25. Qa4 Rf8 26.
h3 Ne5 27. Re2 Nd3 28. Nc6 Nb4 29. Ne7+ Kg7 30. Qb3 Qf6 31. a3 Na6 32. Nd5 Qc6 33.
Kh2 c4 34. Qc3+ f6 35. Ne7 Qc5 36. Qf3 Rf7 37. Qb7 Nc7 38. Nc8 Nd5 39. Qb8 c3 40.
Nd6 Rd7 41. Ne8+ Kh6 42. Qb1 c2 43. Qc1+ g5 44. h4 Qc6 45. hxg5+ fxg5 46. Qd2 Re7 47. Rxe7 Nxe7 48. Nd6 Qd5 49. Qd4 Qxd4 50. Nf7+ Kg7 51. Nxg5 Qxf2+ 52. Kh3 c1=Q 53. Kh4 Kg8 54. Nh3 Qh2 55.
Kg4 Qc4+ 0-1